 Dungeon Crawl Stone Soup version 0.22.1-2-g9c5b331 (webtiles) character file.

90 HerrDoktor the Chiller (level 4, -1/34 HPs)
             Began as a Draconian Ice Elementalist on Dec 25, 2018.
             Slain by Terence
             ... wielding a +0 falchion
              (3 damage)
             ... on level 2 of the Dungeon.
             The game lasted 00:13:18 (2580 turns).

HerrDoktor the Chiller (Draconian Ice Elementalist) Turns: 2580, Time: 00:13:19

Health: -1/34      AC:  5    Str:  8 (11) XL:     4   Next: 32%
Magic:  5/7        EV: 12    Int: 13 (16) God:
Gold:   165        SH:  0    Dex:  8 (11) Spells: 1/7 levels left

rFire    . . .     SeeInvis .   i - +2 hand axe (pain)
rCold    . . .     Gourm    .   (no shield)
rNeg     . . .     Faith    .   (armour unavailable)
rPois    .         Spirit   .   (helmet restricted)
rElec    .         Reflect  .   (no cloak)
rCorr    .         Harm     .   (no gloves)
MR       .....                  (no boots)
Stlth    ++........             (no amulet)
HPRegen  0.11/turn              (no ring)
MPRegen  0.10/turn              (no ring)

@: no status effects
A: unfitting armour, cold-blooded, AC +5
a: no special abilities


You were on level 2 of the Dungeon.
You were very hungry.

You visited 1 branch of the dungeon, and saw 3 of its levels.

You collected 165 gold pieces.

Inventory:

Hand Weapons
 a - a +0 whip
 i - a +2 hand axe of pain (weapon)
Missiles
 h - 60 stones (quivered)
Armour
 k - a +0 robe
Wands
 j - a wand of polymorph (20)
Scrolls
 d - a scroll of magic mapping
 f - 3 scrolls of identify
Potions
 e - a potion of magic
 g - a potion of degeneration
 l - a potion of cancellation
Comestibles
 b - 6 rations


   Skills:
 + Level 0.5 Fighting
 + Level 2.3 Dodging
 + Level 2.5 Stealth
 + Level 2.3 Spellcasting
 - Level 1.2 Conjurations
 * Level 4.0 Ice Magic


You had one spell level left.
You knew the following spells:

 Your Spells              Type           Power        Failure   Level  Hunger
a - Freeze                Ice            ##..         4%          1    #......
b - Throw Frost           Conj/Ice       #.....       13%         2    ###....
c - Ozocubu's Armour      Chrm/Ice       #.......     32%         3    ###....

Your spell library contained the following spells:

 Spells                   Type           Power        Failure   Level  Hunger
 Throw Icicle             Conj/Ice       #.......     63%         4    #####..
 Summon Ice Beast         Ice/Summ       #.......     71%         4    #####..


Dungeon Overview and Level Annotations

Branches:
Dungeon (3/15)

Altars:
Makhleb
Xom

Annotations:
D:2 Terence
D:3 Grinder


Innate Abilities, Weirdness & Mutations

Your plain brown scales are hard. (AC +5)
You cannot fit into any form of body armour.
You are cold-blooded and may be slowed by cold attacks.


Message History

You feel magically purged.
You feel a little less clever now. Terence barely misses you.
Casting: Freeze (safe; 4% risk of failure)
Confirm with . or Enter, or press ? or * to list all spells.
Aiming: Freeze (safe; 4% risk of failure)
Press: ? - help, Shift-Dir - straight line, f - Terence
Aim: Terence, wielding a falchion and wearing a chain mail (moderately wounded)
You freeze Terence.
Terence is heavily wounded.
Terence closely misses you.
Casting: Freeze (safe; 4% risk of failure)
Confirm with . or Enter, or press ? or * to list all spells.
Aiming: Freeze (safe; 4% risk of failure)
Press: ? - help, Shift-Dir - straight line, f/p - Terence
Aim: Terence, wielding a falchion and wearing a chain mail (heavily wounded)
You freeze Terence.
Terence is severely wounded.
Terence hits you with a falchion.
You die...

....##.####.#.#......# #.#
....##+#......#....#.########.#
...................#..........#
..........#####.#..##############
###..............................
..........#####.###############.#
..........# #.....# #.#
..........#########.# #.#
...............@@##.# #.#
)..##....##########.# #.#
...##....# #.# #.# .####....#
#.###########.# .# #....#
#.............# .# #....#
############### ## #....# #....#
######


You could see Terence.

Vanquished Creatures
  4 adders
  A worm (D:3)
  3 leopard geckos
  A ball python (D:1)
  4 giant cockroaches
  5 goblins
  4 hobgoblins
  2 jackals (D:2)
  A quokka (D:3)
  5 bats
  3 frilled lizards (D:1)
  7 kobolds (D:1)
  7 rats
47 creatures vanquished.

Vanquished Creatures (others)
  A plant (D:1)
1 creature vanquished.

Grand Total: 48 creatures vanquished

Notes
Turn   | Place    | Note
-------+----------+-------------------------------------------
     0 | D:1      | HerrDoktor the Draconian Ice Elementalist began the quest
                  | for the Orb.
     0 | D:1      | Reached XP level 1. HP: 14/14 MP: 3/3
   386 | D:1      | Reached XP level 2. HP: 20/20 MP: 0/5
   395 | D:1      | Learned a level 2 spell: Throw Frost
  1230 | D:2      | Found a shimmering altar of Xom.
  1240 | D:2      | Found a burning altar of Makhleb.
  1324 | D:2      | Reached XP level 3. HP: 26/26 MP: 1/6
  1341 | D:2      | Learned a level 3 spell: Ozocubu's Armour
  2108 | D:3      | Reached skill level 4 in Ice Magic
  2134 | D:3      | Reached XP level 4. HP: 33/33 MP: 4/7
  2185 | D:3      | Noticed Grinder
  2282 | D:3      | Noticed Terence
  2576 | D:2      | HP: 1/34 [Terence/falchion (4)]
  2580 | D:2      | Slain by Terence

Skill      XL: |  1  2  3 |
---------------+----------+-----
Stealth        | 2 |  2.5
Dodging        | 2 |  2.3
Ice Magic      | 4 |  4.0
Fighting       | |  0.5
Spellcasting   | |  2.3
Conjurations   | |  1.2

Action                   |  1- 3 |  4- 6 || total
-------------------------+-------+-------++-------
Melee: Whip              |   111 |       ||   111
       Tailslap          |    13 |     2 ||    15
       Hand axe          |    12 |    29 ||    41
 Cast: Freeze            |    15 |    12 ||    27
       Throw Frost       |    12 |     4 ||    16
       Ozocubu's Armour  |       |     1 ||     1
  Use: Scroll            |     1 |     1 ||     2
       Potion            |       |     4 ||     4
 Stab: Sleeping          |     5 |       ||     5
  Eat: Chunk             |     4 |     2 ||     6
Armor: Skin              |    40 |    12 ||    52
Dodge: Dodged            |    85 |    34 ||   119
